 Dungeon Crawl Stone Soup version 0.29-a0-266-gf56f883ddd (webtiles) character file.

Game seed: 12885101309730999467

104 Crownlay the Digger (level 4, -2/27 HPs)
             Began as an Octopode Earth Elementalist on Mar 6, 2022.
             Succumbed to a kobold brigand's curare-tipped dart
             ... on level 3 of the Dungeon.
             The game lasted 00:03:17 (2942 turns).

Crownlay the Digger (Octopode Earth Elementalist)   Turns: 2942, Time: 00:03:17

Health: -2/27      AC:  1    Str:  7    XL:     4   Next: 80%
Magic:  2/9        EV: 13    Int: 19    God:
Gold:   159        SH:  0    Dex: 12    Spells: 6/10 levels left

rFire   . . .      SeeInvis .   c - +0 whip
rCold   . . .      Faith    .   (no shield)
rNeg    . . .      Spirit   .   (helmet restricted)
rPois   .          Reflect  .   (no amulet)
rElec   .          Harm     .   (no ring)
rCorr   .          Rampage  .   (no ring)
Will    .....                   (no ring)
Stlth   +++.......              (no ring)
HPRegen 0.09/turn               (no ring)
MPRegen 0.11/turn               (no ring)
                                (no ring)
                                (no ring)

@: lethally poisoned (-2 -> -14), flying, very slightly contaminated, slowed,
very slow
A: almost no armour, amphibious, 8 rings, camouflage 1, gelatinous body 1,
(nimble swimmer 1), tentacles
a: no special abilities


You were on level 3 of the Dungeon.
You visited 1 branch of the dungeon, and saw 3 of its levels.

You collected 159 gold pieces.

Inventory:

Hand Weapons
 c - a +0 whip (weapon)
Missiles
 a - 231 stones
Scrolls
 d - 3 scrolls of amnesia
 e - 3 scrolls of teleportation {unknown}
 g - a scroll of identify {unknown}
 h - a scroll of holy word {unknown}
 k - a scroll of enchant armour {unknown}
 l - a scroll of magic mapping {unknown}
Potions
 b - a potion of magic
 f - a potion of flight
 i - 2 potions of curing {unknown}
 j - a potion of heal wounds {unknown}


   Skills:
 - Level 2.0 Dodging
 - Level 2.6 Stealth
 * Level 3.8 Spellcasting
 - Level 1.0 Transmutations
 + Level 3.9 Earth Magic


You had 6 spell levels left.
You knew the following spells:

 Your Spells              Type           Power      Damage    Failure   Level
a - Sandblast             Erth           36%        2d10      2%          1
b - Stone Arrow           Conj/Erth      22%        3d8       19%         3

Your spell library contained the following spells:

 Spells                   Type           Power      Damage    Failure   Level
 Passwall                 Tmut/Erth      10%        N/A       8%          2
 Magic Dart               Conj           12%        1d3       14%         1
 Searing Ray              Conj           6%         2d4       22%         2
 Petrify                  Tmut/Erth      13%        N/A       45%         4
 Fulminant Prism          Conj/Hex       1%         3d6       80%         4


Dungeon Overview and Level Annotations

Branches:
Dungeon (3/15)

Altars:


Innate Abilities, Weirdness & Mutations

You cannot wear most types of armour.
You are amphibious.
You can wear up to eight rings at the same time.
Your skin changes colour to match your surroundings (Stealth+).
Your rubbery body absorbs attacks. (AC +1, EV +1)
((You are camouflaged when in or above water. (Stealth+)))
You have tentacles for arms and can constrict up to eight enemies at once.


Message History

Casting: Sandblast (safe; 2% risk of failure)
Confirm with . or Enter, or press ? or * to list all spells.
Aiming: Sandblast (safe; 2% risk of failure)
Press: ? - help, Shift-Dir - straight line, f/p - kobold brigand
Aim: a kobold brigand, wielding a +0 short sword and quivering curare-tipped darts (moderately wounded, 74% to hit)
The blast of sand hits the kobold brigand.
The kobold brigand is heavily wounded.
The kobold brigand hits you with a +0 short sword.
Casting: Sandblast (safe; 2% risk of failure)
Confirm with . or Enter, or press ? or * to list all spells.
Aiming: Sandblast (safe; 2% risk of failure)
Press: ? - help, Shift-Dir - straight line, f/p - kobold brigand
Aim: a kobold brigand, wielding a +0 short sword and quivering curare-tipped darts (heavily wounded, 74% to hit)
The blast of sand misses the kobold brigand.
The kobold brigand hits you with a +0 short sword.
The kobold closely misses you.
Casting: Sandblast (safe; 2% risk of failure)
Confirm with . or Enter, or press ? or * to list all spells.
Aiming: Sandblast (safe; 2% risk of failure)
Press: ? - help, Shift-Dir - straight line, f/p - kobold brigand
Aim: a kobold brigand, wielding a +0 short sword and quivering curare-tipped darts (heavily wounded, 74% to hit)
The blast of sand misses the kobold brigand.
The kobold brigand hits you with a +0 short sword.
The kobold closely misses you. The kobold attacks as you move away!
The kobold closely misses you.
The kobold brigand attacks as you move away!
The kobold brigand closely misses you.
The kobold brigand throws a curare-tipped dart.
The curare-tipped dart hits you.
You are lethally poisoned!
You have difficulty breathing.
* * * LOW HITPOINT WARNING * * *
You feel yourself slow down.
The kobold throws a stone.
The stone barely misses you.
Things that are here:
a +0 club; a +0 club It was a potion of flight.
You feel very buoyant.
You fly up into the air.
You die...

≈≈≈ ≈≈≈≈≈≈....≈≈≈≈≈)≈)≈≈≈≈≈≈≈≈≈≈≈
≈≈≈ ≈≈≈≈≈≈....†≈≈≈≈≈≈≈≈≈≈≈≈≈≈≈≈≈≈
≈≈≈ ≈≈≈≈≈≈....≈)≈≈≈≈≈≈≈≈≈≈≈≈≈≈≈≈≈
### #######''####################
#....# ....# #....# ...... #
##....#########......
....#......#.............
....'......'@.K..........
....#......#..K..........
######....#########...... #....#
...... #....# ....#
#################################
≈≈≈≈≈≈≈≈≈≈≈≈≈≈≈≈≈≈≈≈≈≈≈≈≈≈≈≈≈≈≈≈≈
≈≈≈≈≈≈≈≈≈≈≈≈≈≈≈≈≈≈≈≈≈≈≈≈≈≈≈≈≈≈≈≈≈
≈≈≈≈≈≈≈≈≈≈≈≈≈≈≈≈≈≈≈≈≈≈≈≈≈≈≈≈≈≈≈≈≈


You could see a kobold brigand and a kobold.

Vanquished Creatures
  A gnoll (D:3)
  4 adders (D:2)
  A worm (D:2)
  5 ball pythons
  5 bats
  6 endoplasms
  A giant cockroach (D:3)
  6 goblins
  3 hobgoblins
  2 jackals (D:1)
  A quokka (D:1)
  6 frilled lizards
  12 kobolds
  4 rats (D:1)
57 creatures vanquished.

Notes
Turn   | Place    | Note
-------+----------+-------------------------------------------
     0 | D:1      | Crownlay the Octopode Earth Elementalist began the quest
                  | for the Orb.
     0 | D:1      | Reached XP level 1. HP: 11/11 MP: 3/3
   446 | D:1      | Reached XP level 2. HP: 17/17 MP: 0/5
   947 | D:2      | Reached XP level 3. HP: 13/21 MP: 7/7
  1510 | D:2      | Reached XP level 4. HP: 27/27 MP: 9/9
  2015 | D:2      | Learned a level 3 spell: Stone Arrow
  2122 | D:3      | Found a faded altar of an unknown god.
  2123 | D:3      | Noticed a great orb of eyes
  2127 | D:3      | Noticed a great orb of eyes
  2131 | D:3      | Noticed a great orb of eyes
  2131 | D:3      | Noticed an eye of devastation
  2805 | D:3      | Noticed a kobold brigand
  2942 | D:3      | Succumbed to a kobold brigand's curare-tipped dart

Illustrated notes

Levels and vault maps discovered:
D:1:      scummos_arrival_forest, layout_basic
D:2:      layout_rooms, chequers_serial_rivers_micro_a
D:3:      minmay_goblin_kobold_castle, layout_loops_corners,
          hellmonk_ecumenical_altar_watching_god

Skill      XL: |  1  2  3 |
---------------+----------+-----
Spellcasting   | 3 |  3.8
Dodging        | |  2.0
Stealth        | |  2.6
Transmutations | |  1.0
Earth Magic    | |  3.9

Action                   |  1- 3 |  4- 6 || total
-------------------------+-------+-------++-------
Melee: Unarmed           |    10 |       ||    10
       Whip              |    60 |    41 ||   101
       Tentacles         |    14 |    10 ||    24
       Constrict         |    13 |    13 ||    26
       Punch             |       |     1 ||     1
 Cast: Sandblast         |     8 |    15 ||    23
  Use: Scroll            |       |     1 ||     1
       Potion            |       |     1 ||     1
 Stab: Sleeping          |     8 |     3 ||    11
Armor: Skin              |     4 |     6 ||    10
Dodge: Dodged            |    44 |    43 ||    87

Table legend: (Time is in decaauts)
 A = Elapsed time spent in this place.
 B = Non-inter-level travel time spent in this place.
 C = Inter-level travel time spent in this place.
 D = Time resting spent in this place.
 E = Time spent auto-exploring this place.
 F = Levels seen in this place.
 G = Mean time per level.
                   A        B        C        D        E       F      G
               +--------+--------+--------+--------+--------+-----+--------+
         Total |   2951 |   2920 |     31 |      0 |   2402 |   3 |  983.7 |
       Dungeon |   2951 |   2920 |     31 |      0 |   2402 |   3 |  983.7 |
               +--------+--------+--------+--------+--------+-----+--------+

Top non-repeatable levels by time:
     D:2: 1117 daAuts
     D:1: 929 daAuts
     D:3: 904 daAuts
